AoeStats
← BenJames

Nomad

507874548Analyzed
3v3 RM · 11d ago on Sep 20, 2026· 28m 1s· 6 players
Game mode
Random Map
Map size
210×210
Population
200
Speed
Normal
Resources
Standard
Victory
Conquest
Starting age
Dark Age
Ending age
Imperial Age
RankedLock teamsTeams togetherTeam positionsShared explorationLock speedFull tech treeHidden civsTurbo modeCheats
Victory
Defeat
🇲🇽 Burmese · Mexico
1910
+1
🇺🇸 Tupi · United States
1719
+1
1517
+2
🇨🇱 Italians · Chile
1273
-2
🇺🇸 Japanese · United States
1102
-1
🇨🇴 Spanish · Colombia
1068
-1
Crafsir
8:42 Loom
13:25 Feudal Age
17:21 Castle Age
15:16 Double-Bit Axe
16:01 Fletching
18:16 Bow Saw
18:03 Bodkin Arrow
18:25 Gold Mining
23:24 Ballistics
27:22 Stone Mining
VENÓN | SORORIDAD MASIS RUIZ
3:37 Loom
23:45 Feudal Age
29:17 Castle Age
27:22 Double-Bit Axe
27:18 Horse Collar
VENON | OIGRES
5:39 Loom
5:49 Loom
13:47 Feudal Age
19:57 Castle Age
25:08 Wheelbarrow
24:22 Horse Collar
28:32 Hand Cart
Tachyon
5:20 Loom
14:49 Feudal Age
21:18 Double-Bit Axe
22:00 Fishing Lines
BenJames
5:12 Loom
16:32 Feudal Age
17:29 Double-Bit Axe
18:14 Bloodlines
24:24 Castle Age
24:20 Padded Archer Armor
24:59 Elite Skirmisher
[CL]Jigsaw
3:08 Loom
12:38 Feudal Age
13:52 Town Watch
17:30 Castle Age
15:36 Double-Bit Axe
19:24 Fletching
22:52 Padded Archer Armor
22:48 Bodkin Arrow
24:06 Elite Skirmisher
Connection lost

Rejoining the realm…

Still unreachable

The connection could not be restored.

Session expired

The server has moved on; the page needs a fresh start.